 Dungeon Crawl Stone Soup version 0.29-a0-72-g1732ff48e7 (webtiles) character file.

Game seed: 3522542300660692563

805 Hubjo the Covert (level 7, -3/40 HPs)
             Began as a Vampire Enchanter on Feb 3, 2022.
             Was an Initiate of Nemelex Xobeh.
             Slain by a shadow wraith (10 damage)
             ... created by the anger of Yredelemnul
             ... on level 6 of the Dungeon.
             The game lasted 00:18:22 (5211 turns).

Hubjo the Covert (Vampire Enchanter)                Turns: 5211, Time: 00:18:23

Health: -3/40      AC:  4    Str:  7    XL:     7   Next: 60%
Magic:  11/11      EV: 13    Int: 18    God:    Nemelex Xobeh [......]
Gold:   171        SH:  0    Dex: 16    Spells: 12/12 levels left

rFire   . . .      SeeInvis +   a - +2 dagger
rCold   + + .      Faith    .   (no shield)
rNeg    + + +      Spirit   .   b - +1 robe
rPois   ∞          Reflect  .   q - +0 helmet
rElec   .          Harm     .   (no cloak)
rCorr   .          Rampage  .   (no gloves)
Will    .....                   (no boots)
Stlth   ++++++....              (no amulet)
HPRegen 0.00/turn               i - ring of flight
MPRegen 0.12/turn               (no ring)

@: mighty, flying, bloodless, inhibited regen, slowed, invisible, very slow
A: bloodless, fangs 3, see invisible, vampiric 2
a: Bat Form, Revivify, Renounce Religion, Draw Escape, Draw Destruction, Draw
Summoning


You were on level 6 of the Dungeon.
You worshipped Nemelex Xobeh.
Nemelex Xobeh was noncommittal.
You visited 2 branches of the dungeon, and saw 8 of its levels.

You collected 171 gold pieces.

Inventory:

Hand Weapons
 a - a +2 dagger (weapon)
Missiles
 j - 10 poisoned darts (quivered)
Armour
 b - a +1 robe (worn)
 h - a +0 leather armour
 q - a +0 helmet (worn)
Jewellery
 i - a ring of flight (left hand)
Wands
 l - a wand of acid (7)
Scrolls
 g - a scroll of noise {unknown}
 k - a scroll of enchant armour
 o - a scroll of holy word {unknown}
 p - a scroll of immolation {unknown}
Potions
 d - a potion of cancellation {unknown}
 f - 2 potions of haste
 n - 2 potions of flight {unknown}


   Skills:
 + Level 2.8 Fighting
 + Level 3.5 Short Blades
 + Level 4.0 Dodging
 * Level 8.6 Stealth
 + Level 3.2 Spellcasting
 + Level 6.3 Hexes


You had 12 spell levels left.
You didn't know any spells.
Your spell library contained the following spells:

 Spells                   Type           Power      Damage    Failure   Level
 Confusing Touch          Hex            25%        N/A       3%          3
 Tukima's Dance           Hex            25%        N/A       3%          3
 Ensorcelled Hibernation  Hex/Ice        28%        N/A       7%          2
 Dazzling Flash           Conj/Hex       28%        N/A       13%         3
 Sublimation of Blood     Necr           2%         N/A       24%         2
 Wereblood                Tmut           2%         N/A       24%         2
 Yara's Violent Unravell  Hex/Tmut       7%         3d5       77%         5
 Summon Lightning Spire   Summ/Air       2%         N/A       85%         4
 Enfeeble                 Hex            12%        N/A       100%        7
 Storm Form               Tmut/Air       1%         N/A       100%        7
 Summon Hydra             Summ           1%         N/A       100%        7
 Maxwell's Capacitive Co  Air            1%         ∞         100%        8


Dungeon Overview and Level Annotations

Branches:
Dungeon (7/15)             Temple (1/1) D:6

Altars:
Ashenzari
Cheibriados
Dithmenos
Elyvilon
Fedhas
Gozag
Hepliaklqana
Kikubaaqudgha
Makhleb
Nemelex Xobeh
Okawaru
Qazlal
Ru
Sif Muna
Trog
Uskayaw
Vehumet
Wu Jian
Xom
Yredelemnul
Zin
The Shining One

Shops:
D:5 *

Annotations:
D:2 Natasha


Innate Abilities, Weirdness & Mutations

You do not regenerate when monsters are visible.
You are frail without blood (-20% HP).
You can heal yourself when you bite living creatures.
You are immune to poison.
You have razor-sharp teeth.
You have supernaturally acute eyesight. (SInv)
You are afflicted with vampirism and can become a bat while bloodless.


Message History

The gnoll is heavily wounded.
The gnoll misses you.
You hit the gnoll.
The gnoll is heavily wounded.
The gnoll hits you with a +0 spear.
* * * LOW HITPOINT WARNING * * *
You closely miss the gnoll.
The gnoll is heavily wounded.
You closely miss the gnoll. You bite the gnoll.
You draw the gnoll's blood!
You feel better.
The gnoll is severely wounded.
The gnoll barely misses you.
You hit the gnoll.
You kill the gnoll!
You start resting.
Yredelemnul sends a servant to punish you.
A shadow wraith comes into view.
You feel very mighty all of a sudden.
You barely miss the shadow wraith. You barely miss the shadow wraith.
The shadow wraith hits you!
You feel better. The shadow wraith barely misses you.
Okay, then.
You puncture the shadow wraith! You bite the shadow wraith.
The shadow wraith is moderately damaged.
The shadow wraith hits you!
* * * LOW HITPOINT WARNING * * *
The shadow wraith drains your vigour!
You feel yourself slow down.
You feel better. The shadow wraith barely misses you.
You puncture the shadow wraith!
The shadow wraith is heavily damaged.
The shadow wraith hits you but does no damage.
The shadow wraith closely misses you.
You hit the shadow wraith.
The shadow wraith is heavily damaged.
The shadow wraith hits you!
* * * LOW HITPOINT WARNING * * *
You fade into invisibility!
The shadow wraith hits you!
You die...
Your body disappears without a glow.

##############
#.........)..#
#..........)W#
#####...........@#
................)#
......(..#########
.........+
.........#
...........
.####...#### .#
#...# .# #...#


You could see a shadow wraith (invisible).

Vanquished Creatures
  3 ogres
  2 scorpions
  A water moccasin skeleton (D:4)
  A howler monkey (D:6)
  A jelly (D:6)
  A bullfrog zombie (D:6)
  A centaur skeleton (D:4)
  An orc priest (D:4)
  2 orc wizards
  A hound skeleton (D:4)
  4 gnolls
  4 adders
  A shadow imp (D:7)
  An adder skeleton (D:4)
  A worm (D:3)
  A dart slug (D:4)
  4 orcs
  3 endoplasms
  2 giant cockroaches
  7 hobgoblins
  2 jackals (D:2)
  4 ball pythons
  4 frilled lizards
  5 goblins
  A kobold (D:3)
  A rat (D:1)
59 creatures vanquished.

Vanquished Creatures (collateral kills)
  2 adders (D:2)
  4 orcs
  A hobgoblin (D:2)
  A quokka (D:2)
  A frilled lizard (D:2)
  A kobold (D:2)
10 creatures vanquished.

Vanquished Creatures (others)
  2 adder zombies
  A ball python zombie (D:2)
  A frilled lizard zombie (D:2)
  A gnoll zombie (D:7)
  4 hobgoblin zombies (D:2)
  4 orc zombies
  A quokka zombie (D:2)
  A spectral endoplasm (D:2)
15 creatures vanquished.

Grand Total: 84 creatures vanquished

Notes
Turn   | Place    | Note
-------+----------+-------------------------------------------
     0 | D:1      | Hubjo the Vampire Enchanter began the quest for the Orb.
     0 | D:1      | Reached XP level 1. HP: 13/13 MP: 3/3
   632 | D:1      | Reached XP level 2. HP: 16/16 MP: 5/5
   871 | D:1      | Found a faded altar of an unknown god.
   880 | D:1      | Prayed at the altar of an unknown god.
   880 | D:1      | Became a worshipper of Yredelemnul the Dark
   880 | D:1      | Reached * piety under Yredelemnul
  1021 | D:2      | Reached skill level 1 in Fighting
  1021 | D:2      | Reached skill level 5 in Stealth
  1039 | D:2      | Gained mutation: You are afflicted with vampirism and can
                  | become a bat while bloodless. [Vampire growth]
  1039 | D:2      | Reached XP level 3. HP: 8/20 MP: 6/6
  1346 | D:2      | Noticed Natasha
  2031 | D:3      | Reached XP level 4. HP: 25/25 MP: 7/7
  2122 | D:4      | Reached skill level 6 in Stealth
  2122 | D:4      | Reached skill level 5 in Hexes
  2247 | D:4      | Reached XP level 5. HP: 16/30 MP: 8/8
  2967 | D:4      | Reached skill level 7 in Stealth
  2967 | D:4      | Reached XP level 6. HP: 21/35 MP: 9/9
  3282 | D:5      | Entered Level 5 of the Dungeon
  3507 | D:5      | Found Wifada's Assorted Antiques.
  3974 | D:5      | Reached skill level 8 in Stealth
  3974 | D:5      | Reached XP level 7. HP: 40/40 MP: 11/11
  4361 | D:6      | Found a broken altar of Ashenzari.
  4416 | D:6      | You are sucked into a shaft and drop 1 floor!
  4941 | D:6      | Found a staircase to the Ecumenical Temple.
  4945 | Temple   | Entered the Ecumenical Temple
  5002 | Temple   | Fell from the grace of Yredelemnul
  5002 | Temple   | Became a worshipper of Nemelex Xobeh the Trickster
  5203 | D:6      | Noticed a shadow wraith
  5211 | D:6      | Slain by a shadow wraith

Illustrated notes

Levels and vault maps discovered:
D:1:      lightli_arrival_statue_moat, layout_loops_corners,
          hellmonk_ecumenical_altar_crossroads, minmay_misc_feat_roman
D:2:      layout_basic, moated_statue, uniq_natasha
D:3:      layout_basic, minmay_misc_feat_four_crosses
D:4:      layout_basic
D:5:      layout_loops_corners, serial_shops, nicolae_shop_advertising_works
          [nicolae_subvault_shop_adworks]
D:6:      layout_basic, mainiacjoe_overflow_24_doors,
          minmay_temple_entry_steel_oval, kennysheep_diamond
D:7:      layout_gridville, uniq_joseph
Temple:   nicolae_temple_the_god_donut

Skill      XL: |  1  2  3  4  5  6  7 |
---------------+----------------------+-----
Fighting       | 1 2 |  2.8
Stealth        | 5 6 7 8 |  8.6
Short Blades   | 2 3 |  3.5
Hexes          | 5 6 |  6.3
Dodging        | 3 4 |  4.0
Spellcasting   | 3 |  3.2

Action                   |  1- 3 |  4- 6 |  7- 9 || total
-------------------------+-------+-------+-------++-------
Melee: Dagger            |    92 |    57 |    49 ||   198
       Bite              |     6 |     4 |     7 ||    17
       Punch             |     1 |     1 |       ||     2
Invok: Recall Undead Har |       |     1 |     1 ||     2
 Abil: Exsanguinate      |     1 |       |       ||     1
  Use: Scroll            |     4 |     2 |     3 ||     9
       Potion            |       |     3 |     4 ||     7
 Stab: Sleeping          |    19 |    12 |     6 ||    37
       Distracted        |     1 |       |       ||     1
Armor: Robe              |     9 |     7 |     4 ||    20
Dodge: Dodged            |    48 |    33 |    28 ||   109

Table legend: (Time is in decaauts)
 A = Elapsed time spent in this place.
 B = Non-inter-level travel time spent in this place.
 C = Inter-level travel time spent in this place.
 D = Time resting spent in this place.
 E = Time spent auto-exploring this place.
 F = Levels seen in this place.
 G = Mean time per level.
                   A        B        C        D        E       F      G
               +--------+--------+--------+--------+--------+-----+--------+
         Total |   5197 |   4695 |    502 |    659 |   3246 |   8 |  649.6 |
       Dungeon |   5125 |   4689 |    436 |    659 |   3246 |   7 |  732.1 |
        Temple |     71 |      5 |     66 |      0 |      0 |   1 |   71.0 |
               +--------+--------+--------+--------+--------+-----+--------+

Top non-repeatable levels by time:
     D:4: 1242 daAuts
     D:5: 1069 daAuts
     D:1: 961 daAuts
     D:2: 899 daAuts
     D:7: 451 daAuts
     D:6: 325 daAuts
     D:3: 175 daAuts
  Temple: 71 daAuts
